Match 47988013
Unlisted

Match 47988013
End
Scout Squad
Selects Special Operations Battlegroup
Selects M29 Weasel Recon Vehicle
M29 Weasel Recon Vehicle
Scout Squad
Construct Weapon Support Center
Bazooka Squad
M1919 Machine Gun Team
Selects Smoke Screen
M1919 Machine Gun Team
Improved M9 Bazooka Rockets
Mechanized Support Center
M1919 Machine Gun Team
M3 Armored Personnel Carrier
Selects SSF Commando Squad
SSF Commando Squad
SSF Commando Squad
Smoke Screen
Construct Tank Depot
Selects P-47 Anti-Infantry Loiter
P-47 Anti-Infantry Loiter
Smoke Screen
M4A1 Sherman Medium Tank
Selects UNKNOWN (2162291)
Smoke Screen
M4A1 Sherman Medium Tank
BIOHAZARD
[LoB]Fagio
Budyonny S.M.
INTOLERANT HISTORIAN♿
0
0

Comments sign in to comment!

No comments posted yet!